Map: Mech Depot LE

Players

SnakeCrawler - Winner!

  • Race: Zerg Zerg
  • Spawn Location: 7:00

Winthrowe

  • Race: Terran Terran
  • Spawn Location: 1:00

VOD

Have the link to the VOD?

Description

Time

  • Played on: Aug. 17, 2017, 6:54 p.m.
  • Length: 11:16
Show
View Real Time Build Order
Export as new Build Order

SnakeCrawler Zerg - Winner!

Build Orders: Pool First 

Get SALT Encoding   

  12  0:01  Drone  
  13  0:23  Spawning Pool  
  13  0:26  Drone  
  13  0:34  Overlord  
  13  0:39  Drone  
  14  0:44  Extractor  
  14  0:46  Drone  
  14  0:51  Extractor  
  14  0:52  Drone  
  14  1:06  Drone  
  15  1:13  Drone  
  16  1:21  Roach Warren, Drone  
  16  1:40  Drone  
  17  1:47  Queen  
  17  1:49  Drone  
  20  1:58  Drone  
  21  2:12  Spine Crawler  
  21  2:15  Drone x2  
  22  2:24  Lair  
  22  2:32  Overlord  
  22  2:48  Overlord  
  22  3:10  Hatchery  
  21  3:18  Overlord  
  21  3:26  Hydralisk Den  
  20  3:27  Drone x3  
  23  3:34  Spore Crawler  
  23  3:38  Drone  
  23  3:39  Drone x2  
  25  3:58  Hydralisk x2  
  29  4:11  Drone x2  
  31  4:23  Drone  
  32  4:26  Hydralisk x3  
  38  4:41  Drone  
  38  4:42  Drone x2  
  41  4:49  Spine Crawler  
  41  4:51  Spore Crawler  
  39  4:53  Drone x2  
  39  4:55  Queen  
  43  5:13  Evolution Chamber  
  42  5:20  Hydralisk  
  44  5:22  Overlord x2  
  44  5:23  Overlord  
  44  5:31  Overseer  
  44  5:33  Overseer  
  44  5:57  Hydralisk  
  44  5:58  Hydralisk x7  
  60  6:07  Drone x3  
  60  6:09  Drone  
  64  6:22  Spine Crawler  
  63  6:30  Spore Crawler  
  62  6:36  Zerg Ground Armor Level 1  
  62  6:42  Drone x5  
  62  6:43  Drone  
  62  6:46  Extractor  
  67  6:48  Extractor  
  66  7:11  Drone x2  
  66  7:12  Overlord x3  
  68  7:39  Hatchery  
  57  7:45  Hydralisk  
  57  7:46  Hydralisk x5  
  67  7:56  Hydralisk x6  
  79  8:00  Drone  
  79  8:01  Drone  
  81  8:31  Zerg Missile Weapons Level 1  
  77  8:57  Hydralisk x9  
  81  9:27  Drone x3  
  84  9:35  Drone  
  84  9:38  Hydralisk x6  
  85  9:40  Overlord x2  
  97  9:52  Overlord x2  
  97  10:07  Hydralisk x4  
  97  10:08  Hydralisk  
  103  10:24  Hydralisk x5  
  97  10:50  Zergling x2  
  97  10:51  Zergling x12  
Show
View Real Time Build Order
Export as new Build Order

Winthrowe Terran 

Build Orders:  

Get SALT Encoding   

  12  0:01  SCV  
  13  0:23  SCV  
  13  0:26  Supply Depot  
  14  0:35  SCV  
  14  0:37  Supply Depot  
  15  0:51  Barracks  
  15  0:54  SCV  
  16  1:03  Barracks  
  16  1:09  SCV  
  17  1:14  Refinery  
  17  1:21  SCV  
  18  1:33  SCV  
  19  1:45  SCV  
  20  1:54  Bunker  
  20  1:59  Marine x2  
  22  2:02  SCV  
  22  2:07  Refinery  
  23  2:14  SCV  
  24  2:16  Marine, Engineering Bay  
  24  2:17  Marine  
  26  2:27  Orbital Command  
  26  2:42  Marine  
  26  2:43  Marine  
  28  3:12  Marine x2  
  30  3:23  Engineering Bay  
  30  3:25  SCV  
  31  3:30  Command Center  
  31  3:37  Barracks Reactor  
  31  3:38  Barracks Tech Lab  
  31  3:52  Supply Depot  
  31  3:54  Supply Depot  
  31  3:57  Supply Depot  
  31  4:13  Factory  
  31  4:14  SCV, Marauder  
  34  4:26  SCV  
  35  4:33  Marine x2  
  35  4:36  Marauder  
  39  4:51  Marine x2  
  41  5:21  Marine x2, Marauder  
  45  5:30  SCV  
  45  5:39  Marine x2  
  45  5:42  SCV, Marauder  
  45  5:57  Marine x2  
  45  5:59  Cyclone  
  45  6:03  Marauder  
  52  6:14  Marine  
  52  6:15  Marine  
  54  6:22  SCV x2  
  54  6:25  Marauder  
  58  6:31  Cyclone  
  58  6:32  Marine x2  
  61  6:34  SCV x2  
  65  6:46  SCV x2, Marauder  
  69  6:50  Marine  
  70  7:02  Supply Depot  
  70  7:24  Marine, Cyclone, Marauder  
  67  7:45  Command Center  
  67  7:46  Marauder  
  69  7:51  Marine  
  69  7:52  Marine  
  69  7:56  Cyclone  
  69  7:58  SCV x2  
  76  8:07  Marauder  
  78  8:20  Supply Depot  
  78  8:42  Marine x2, SCV x2, Marauder  
  78  8:43  Supply Depot  
  84  8:53  Cyclone  
  84  8:54  SCV x2  
  82  8:59  Marine x2  
  65  9:04  Marauder  
  65  9:06  SCV  
  65  9:09  Supply Depot  
  62  9:17  Marine x2  
  64  9:25  Cyclone, Marauder  
  64  9:29  SCV  
  64  9:30  SCV  
  71  9:32  Supply Depot  
  71  9:35  Marine x2  
  73  9:41  SCV  
  73  9:42  SCV  
  75  9:46  Marauder  
  77  9:53  Marine x2, SCV  
  77  9:54  SCV  
  77  9:56  Refinery  
  77  9:57  Cyclone  
  84  10:05  Armory, SCV  
  84  10:06  SCV  
  86  10:08  Marauder  
  86  10:11  Marine x2  
  89  10:18  SCV x2  
  89  10:19  Refinery  
  72  10:29  Cyclone, Marauder  
Tags
 
Matchup
TvZ
Opening
Pool First
Spawn Locations
Cross Positions
Add a new tag
Caveats
  • Supply blocks, unpowered buildings, or Contaminate may cause inaccurate times.
  • Supply counts are checked every 10 seconds.